 Dungeon Crawl Stone Soup version 0.30-a0-137-gd8773701ce (webtiles) character file.

Game seed: 10823203763712740279

10 NinjaNoafa the Gusty (level 2, -1/22 HPs)
             Began as a Human Wanderer on Sept 21, 2022.
             Slain by a jackal (3 damage)
             ... on level 1 of the Dungeon.
             The game lasted 00:02:07 (505 turns).

NinjaNoafa the Gusty (Human Wanderer)                Turns: 505, Time: 00:02:08

Health: -1/22      AC:  3    Str: 14    XL:     2   Next: 30%
Magic:  0/4        EV: 11    Int: 10    God:
Gold:   16         SH:  0    Dex: 12    Spells: 2/3 levels left

rFire   + . .      SeeInvis .    i - +0 spear
rCold   + . .      Faith    .    (no shield)
rNeg    . . .      Spirit   .    c - +0 leather armour
rPois   +          Reflect  .    (no helmet)
rElec   +          Harm     .    (no cloak)
rCorr   +          Rampage  .    (no gloves)
Will    .....                    (no boots)
Stlth   +.........               (no amulet)
HPRegen 0.07/turn                (no ring)
MPRegen 0.09/turn                (no ring)

@: resistant
A: no striking features
a: no special abilities


You were on level 1 of the Dungeon.
You visited 1 branch of the dungeon, and saw 1 of its levels.

You collected 16 gold pieces.

Inventory:

Hand Weapons
 i - a +0 spear (weapon)
Missiles
 g - 6 stones (quivered)
Armour
 c - a +0 leather armour (worn)
Scrolls
 a - a scroll of identify {unknown}
 b - a scroll of summoning
 e - a scroll of blinking {unknown}
 f - a scroll of silence {unknown}
 h - a scroll of teleportation {unknown}
Potions
 d - a potion of attraction


   Skills:
 - Level 2.0 Fighting
 + Level 1.3 Spellcasting
 + Level 2.3 Ice Magic
 + Level 4.1 Air Magic
 - Level 1.0 Evocations


You had 2 spell levels left.
You knew the following spells:

 Your Spells              Type           Power      Damage    Failure   Level
a - Freeze                Ice            20%        1d4       17%         1

Your spell library contained the following spells:

 Spells                   Type           Power      Damage    Failure   Level
 Shock                    Conj/Air       16%        1d4       19%         1
 Swiftness                Air            9%         N/A       22%         3
 Ozocubu's Armour         Ice            5%         N/A       45%         3
 Kindle Blastsparks       Fire/Tloc/Air  6%         2d10      58%         3


Dungeon Overview and Level Annotations

Branches:
Dungeon (1/15)

Altars:


Message History

The jackal is moderately wounded.
The jackal barely misses you.
You hit the jackal but do no damage. The jackal closely misses you.
The jackal bites you.
You hit the jackal.
The jackal is moderately wounded.
The jackal barely misses you. The jackal bites you.
* * * LOW HITPOINT WARNING * * *
It was a potion of resistance.
You feel protected. The jackal closely misses you.
The jackal attacks as you move away! The jackal misses you.
Casting: Freeze (safe; 17% risk of failure)
Confirm with . or Enter, or press ? or * to list all spells.
Aiming: Freeze (safe; 17% risk of failure)
Press: ? - help, Shift-Dir - straight line, f - jackal
Aim: a jackal (moderately wounded)
You freeze the jackal.
The jackal is heavily wounded.
The jackal misses you. The jackal closely misses you.
The jackal bites you but does no damage.
The jackal attacks as you move away! The jackal completely misses you.
The jackal closely misses you. The jackal attacks as you move away!
The jackal bites you.
* * * LOW HITPOINT WARNING * * *
The jackal bites you.
* * * LOW HITPOINT WARNING * * *
The jackal attacks as you move away! The jackal misses you. x2
The jackal attacks as you move away! The jackal completely misses you.
The jackal attacks as you move away! The jackal closely misses you.
Casting: Freeze (safe; 17% risk of failure)
Confirm with . or Enter, or press ? or * to list all spells.
Aiming: Freeze (safe; 17% risk of failure)
Press: ? - help, Shift-Dir - straight line, f/p - jackal
Aim: a jackal (moderately wounded)
You freeze the jackal.
The jackal is heavily wounded.
The jackal bites you.
You die...

......>......#
......##.#.#.########
....................#
#.########.######.###
..# #.# #.# #.# #.#
#.# ##########.# #.#
..#.......†######.#
..........###..h@.#
....#####†# #.#####
.....## #.# #.#
#.....###.###.#
##)....##.....#
###.....#######
...#.....##
..###.....#
.#####....#


You could see a jackal.

Vanquished Creatures
  2 endoplasms (D:1)
  A giant cockroach (D:1)
  3 jackals (D:1)
  A ball python (D:1)
  A bat (D:1)
  A rat (D:1)
9 creatures vanquished.

Notes
Turn   | Place    | Note
-------+----------+-------------------------------------------
     0 | D:1      | NinjaNoafa the Human Wanderer began the quest for the Orb.
     0 | D:1      | NinjaNoafa set off with the following items: a +0 club, a
                  | scroll of summoning, a +0 leather armour, a potion of
                  | attraction; and the following spells available to memorise:
                  | Freeze, Shock, Swiftness, Ozocubu's Armour, Kindle
                  | Blastsparks.
     0 | D:1      | Reached XP level 1. HP: 16/16 MP: 2/2
     7 | D:1      | Found a faded altar of an unknown god.
    41 | D:1      | Learned a level 1 spell: Freeze
   411 | D:1      | Reached XP level 2. HP: 21/22 MP: 3/3
   505 | D:1      | Slain by a jackal

Illustrated notes

Levels and vault maps discovered:
D:1:      onia_arrival_pyramid, layout_basic, serial_glass, glass_columns_a,
          glass_columns_a, glass_columns_a, glass_columns_b, glass_columns_a,
          glass_columns_a, glass_columns_a, glass_columns_a,
          basic_ecumenical_altar

Action                   || total
-------------------------++-------
Melee: Club              ||    18
       Spear             ||    19
       Punch             ||     1
 Cast: Freeze            ||     8
  Use: Potion            ||     1
Armor: Leather armour    ||    17
Dodge: Dodged            ||    54

Table legend: (Time is in decaauts)
 A = Elapsed time spent in this place.
 B = Non-inter-level travel time spent in this place.
 C = Inter-level travel time spent in this place.
 D = Time resting spent in this place.
 E = Time spent auto-exploring this place.
 F = Levels seen in this place.
 G = Mean time per level.
                   A        B        C        D        E       F      G
               +--------+--------+--------+--------+--------+-----+--------+
         Total |    511 |    486 |     25 |      0 |    337 |   1 |  511.0 |
       Dungeon |    511 |    486 |     25 |      0 |    337 |   1 |  511.0 |
               +--------+--------+--------+--------+--------+-----+--------+

Top non-repeatable levels by time:
     D:1: 511 daAuts
